 Dungeon Crawl Stone Soup version 0.24-a0-375-g4de66ed42b (webtiles) character file.

Game seed: 7969672299756226512

471 ohad the Chiller (level 6, -3/46 HPs)
             Began as a Demigod Transmuter on May 31, 2019.
             Killed by divine providence
             ... invoked by an orc priest
              (16 damage)
             ... on level 4 of the Dungeon.
             The game lasted 00:11:07 (5232 turns).

ohad the Chiller (Demigod Transmuter)               Turns: 5232, Time: 00:11:08

Health: -3/46      AC:  2    Str: 13    XL:     6   Next: 52%
Magic:  11/13      EV: 19    Int: 21    God:
Gold:   186        SH:  0    Dex: 21    Spells: 1/11 levels left

rFire    . . .     SeeInvis .     - Unarmed
rCold    . . .     Gourm    .   (shield currently unavailable)
rNeg     . . .     Faith    .   (armour currently unavailable)
rPois    .         Spirit   .   (helmet currently unavailable)
rElec    .         Reflect  .   (cloak currently unavailable)
rCorr    .         Harm     .   (gloves currently unavailable)
MR       .....                  (boots currently unavailable)
Stlth    ++........             (no amulet)
HPRegen  0.15/turn              o - ring of poison resistance
MPRegen  0.13/turn              (no ring)

@: spider-form (expiring)
A: tiny, high mp 1
a: End Transformation


You were on level 4 of the Dungeon.
You were hungry.
You were a venomous arachnid creature.
You visited 1 branch of the dungeon, and saw 4 of its levels.

You collected 186 gold pieces.

Inventory:

Missiles
 a - 65 arrows
 k - 24 bolts
 p - 13 poisoned darts (quivered)
Armour
 b - a +0 robe (melded)
 e - a +0 pair of gloves (melded)
 l - a +0 ring mail
 r - a +0 helmet (melded)
 s - a +0 scale mail
Jewellery
 o - a ring of poison resistance (left front leg)
Scrolls
 f - a scroll of fog
 h - 4 scrolls of remove curse
 i - 2 scrolls of enchant armour
 n - 3 scrolls of teleportation
 t - a scroll of blinking {unknown}
Potions
 c - a potion of magic {unknown}
 g - 3 potions of curing
 j - 2 potions of might
 m - 2 potions of agility
 u - a potion of heal wounds {unknown}
 v - a potion of haste {unknown}
Comestibles
 d - 8 rations
 q - 3 chunks of flesh


   Skills:
 - Level 0.8 Fighting
 - Level 1.7 Dodging
 - Level 2.6 Unarmed Combat
 - Level 3.2 Spellcasting
 - Level 3.9 Transmutations
 + Level 4.3 Ice Magic


You had one spell level left.
You knew the following spells:

 Your Spells              Type           Power        Failure   Level  Hunger
a - Beastly Appendage     Tmut           ###...       10%         1    None
b - Sticks to Snakes      Tmut           ###.....     12%         2    ##.....
c - Spider Form           Tmut/Pois      ##........   36%         3    ###....
d - Ice Form              Ice/Tmut       ###.....     45%         4    ####...

Your spell library contained the following spells:

 Spells                   Type           Power        Failure   Level  Hunger
 Blade Hands              Tmut           ###.......   77%         5    ######.


Dungeon Overview and Level Annotations

Branches:
Dungeon (4/15)
 Temple: D:4-7


Innate Abilities, Weirdness & Mutations

You have an increased reservoir of magic. (+10% MP)


Message History

The orc wizard looks as sick as possible!
The orc wizard is moderately wounded.
You hear the brisk rusting of a very distant drain.
The orc wizard misses you.
You hit the orc wizard.
The orc wizard looks as sick as possible!
The orc wizard is moderately wounded.
The orc wizard barely misses you.
You hit the orc wizard but do no damage.
The orc wizard looks as sick as possible!
The orc wizard is heavily wounded.
You are feeling hungry.
You bite the orc wizard!
You kill the orc wizard!
You hit the orc but do no damage.
The orc is poisoned.
The orc hits you with a +0 flail!
* * * LOW HITPOINT WARNING * * *
The orc priest invokes the aid of Beogh against you.
Beogh smites you!
You die...

.# #### ##.# ....##
##..# ##
........##...###.##
..................##
....#....%..#o.$...#
.....#......#o.....#
............s#....
#..................#
#.......###..#....#
.. #......##
###.#..## ..
###.....# #.#.# #.
........## ...# #.
..........# ... #.
#.........## #.. #.
#..........## ##.


You could see an orc priest and an orc.

Vanquished Creatures
  A scorpion (D:4)
  2 jellies (D:2)
  2 orc wizards
  A centaur skeleton (D:3)
  Natasha (twice) (D:2)
  Robin (D:2)
  7 adders
  3 gnolls (D:3)
  9 oozes
  3 worms
  A dart slug (D:4)
  A leopard gecko (D:3)
  5 orcs
  5 bats
  A bat zombie (D:3)
  2 giant cockroaches
  13 goblins
  10 hobgoblins
  A quokka (D:4)
  4 frilled lizards
  A jackal skeleton (D:4)
  12 kobolds
  4 rats
  A rat zombie (D:3)
92 creatures vanquished.

Vanquished Creatures (others)
  A fungus (D:2)
  5 toadstools (D:2)
6 creatures vanquished.

Grand Total: 98 creatures vanquished

Notes
Turn   | Place    | Note
-------+----------+-------------------------------------------
     0 | D:1      | ohad the Demigod Transmuter began the quest for the Orb.
     0 | D:1      | Reached XP level 1. HP: 15/15 MP: 5/5
   403 | D:1      | Reached XP level 2. HP: 17/22 MP: 5/7
   624 | D:1      | Learned a level 2 spell: Sticks to Snakes
  1118 | D:2      | Noticed Robin
  1393 | D:2      | Reached XP level 3. HP: 18/27 MP: 7/9
  1572 | D:2      | Learned a level 3 spell: Spider Form
  1900 | D:2      | Noticed Natasha
  1915 | D:2      | Killed Natasha
  2268 | D:2      | Reached XP level 4. HP: 27/34 MP: 7/11
  2315 | D:2      | Reached XP level 5. HP: 4/39 MP: 8/12
  2459 | D:2      | Learned a level 4 spell: Ice Form
  2791 | D:2      | Noticed Natasha
  2801 | D:2      | Killed Natasha
  2801 | D:2      | Reached skill level 1 in Ice Magic
  3112 | D:2      | Killed Robin
  3422 | D:2      | Reached skill level 2 in Ice Magic
  3888 | D:3      | Found an ancient bone altar of Kikubaaqudgha.
  3996 | D:3      | Reached skill level 3 in Ice Magic
  3996 | D:3      | Reached XP level 6. HP: 29/46 MP: 11/13
  5032 | D:4      | Reached skill level 4 in Ice Magic
  5232 | D:4      | Killed from afar by an orc priest

Levels and vault maps discovered:
D:1:      psy_arrival_heroes, layout_loops_corners
D:2:      cheibrodos_fertilizer, layout_basic, uniq_jessica, uniq_robin,
          uniq_natasha
D:3:      layout_basic, lemuel_zombie_altar_kikubaaqudgha
D:4:      minmay_spotlight, layout_layer_cave, gup_sewer_entry_spiral

Skill      XL: |  1  2  3  4  5  6 |
---------------+-------------------+-----
Transmutations | 2 3 |  3.9
Spellcasting   | 2 3 |  3.2
Ice Magic      | 3 4 |  4.3
Fighting       | |  0.8
Dodging        | |  1.7
Unarmed Combat | |  2.6

Action                   |  1- 3 |  4- 6 || total
-------------------------+-------+-------++-------
Melee: Unarmed           |   123 |   252 ||   375
       Kick              |    11 |    19 ||    30
       Headbutt          |     1 |     1 ||     2
       Punch             |       |     1 ||     1
 Cast: Beastly Appendage |    14 |     9 ||    23
       Spider Form       |     3 |    15 ||    18
       Sticks to Snakes  |       |     1 ||     1
       Ice Form          |       |     1 ||     1
  Use: Scroll            |       |     7 ||     7
 Stab: Sleeping          |     2 |     5 ||     7
  Eat: Chunk             |     3 |     9 ||    12
       Ration            |       |     1 ||     1
Armor: Robe              |    28 |    27 ||    55
       Skin              |     1 |     6 ||     7
Dodge: Dodged            |    84 |   158 ||   242

Table legend:
 A = Non-vault XP
 B = Vault XP
 C = Vault XP percentage of total XP
 D = Non-vault monster count
 E = Vault monster count
 F = Vault count percentage of total count
                 A         B        C        D         E       F
            +---------+---------+-------+---------+---------+-------
      Total |     453 |     220 |  32.7 |      60 |      32 |  34.8
            +---------+---------+-------+---------+---------+-------
        D:1 |      25 |       2 |   7.4 |      12 |       1 |   7.7
        D:2 |     109 |     215 |  66.4 |      14 |      29 |  67.4
        D:3 |     204 |       3 |   1.4 |      26 |       2 |   7.1
        D:4 |     115 |       0 |   0.0 |       8 |       0 |   0.0
            +---------+---------+-------+---------+---------+-------
